 Dungeon Crawl Stone Soup version 0.17.0-7-gfadd4cc (webtiles) character file.

646 septik the Slasher (level 7, -9/52 HPs)
             Began as a Mummy Fighter on Nov 8, 2015.
             Mangled by an ogre
             ... wielding a +0 giant club
              (21 damage)
             ... on level 5 of the Dungeon.
             The game lasted 00:16:15 (5059 turns).

septik the Slasher (Mummy Fighter)                  Turns: 5059, Time: 00:16:15

Health: -9/52      AC: 14    Str: 20    XL:     7   Next: 27%
Magic:  7/7        EV:  3    Int:  7    God:
Gold:   192        SH:  9    Dex: 13    Spells: 0 memorised, 6 levels left

rFire  x . .     SeeInvis +     a - +0 long sword
rCold  + . .     Clarity  .     x - +0 plate armour
rNeg   + + +     SustAt   .     c - +0 shield
rPois  ∞         Gourm    .     (no helmet)
rElec  .         Spirit   .     (no cloak)
rCorr  .         Warding  .     (no gloves)
rMut   .         Stasis   .     (no boots)
MR     .....                    (no amulet)
Stlth  ..........               e - ring of see invisible
                                k - +3 ring of protection

@: not resistant to hostile enchantments, extremely unstealthy
A: no food or potions, fire vulnerability, cold resistance 1, negative energy
resistance 3, torment resistance, unbreathing
a: no special abilities


You were on level 5 of the Dungeon.
You were not hungry.

You visited 1 branch of the dungeon, and saw 5 of its levels.

You collected 192 gold pieces.

Inventory:

Hand Weapons
 a - a +0 long sword (weapon)
 b - a +0 hunting sling
 l - a +3 dagger
 m - a cursed -1 dagger
 q - a +0 falchion
 t - a +0 rapier
 w - a +2 flail of protection
Missiles
 d - 83 stones (quivered)
 h - 34 sling bullets
 u - 13 poisoned needles
Armour
 c - a +0 shield (worn)
 o - a +0 chain mail
 x - a +0 plate armour (worn)
Jewellery
 e - a ring of see invisible (right hand)
 i - an uncursed ring of ice
 k - a +3 ring of protection (left hand)
 s - a cursed ring of teleportation {unknown}
Wands
 p - a wand of frost (21)
Scrolls
 f - 2 scrolls of identify
 g - a scroll of fog {unknown}
 j - a scroll of fear {unknown}
 n - a scroll of enchant armour {unknown}
 y - 3 scrolls of magic mapping {unknown}
Books
 r - a book of Changes

   Spells                             Type                      Level
   a - Beastly Appendage              Transmutation                1
   b - Sticks to Snakes               Transmutation                2
   c - Spider Form                    Transmutation/Poison         3
   d - Ice Form                       Ice/Transmutation            4
   e - Blade Hands                    Transmutation                5
 v - a book of Envenomations

   Spells                             Type                      Level
   a - Spider Form                    Transmutation/Poison         3
   b - Alistair's Intoxication        Transmutation/Poison         4
   c - Olgreb's Toxic Radiance        Poison                       4
   d - Poisonous Cloud                Conjuration/Poison/Air       6


   Skills:
 - Level 3.0 Fighting
 + Level 6.8 Long Blades
 - Level 2.4 Armour
 - Level 2.4 Shields


You had 6 spell levels left.
You didn't know any spells.

Dungeon Overview and Level Annotations

Branches:
Dungeon (5/15)
 Temple: D:4-7

Altars:

Annotations:
D:4 Edmund, Natasha


Innate Abilities, Weirdness & Mutations

You do not eat or drink.
Your flesh is vulnerable to fire.
You are immune to poison.
Your flesh is cold resistant.
You are immune to negative energy.
You are immune to unholy pain and torment.
You can survive without breathing.


Message History

You closely miss the ogre.
Your plate armour prevents you from hitting the ogre.
The ogre hits you with a giant club!
You completely miss the ogre. The ogre hits you with a giant club.
You hit the ogre.
The ogre is lightly wounded.
The ogre hits you with a giant club!
You hit the ogre.
The ogre is lightly wounded.
The ogre hits you with a giant club!
* * * LOW HITPOINT WARNING * * *
You slash the ogre!
The ogre is heavily wounded.
The ogre hits you with a giant club.
* * * LOW HITPOINT WARNING * * *
You block the ogre's attack. The ogre hits you with a giant club!
* * * LOW HITPOINT WARNING * * *
The ogre hits you with a giant club!!
You die...

.###..#
#...####....# ##
##O## #....#
#....# #
#..###.##.######.#
######..#...#...#
##.# ..>#
##.....###.###..##
...###......#
#.......#
.......##...#
#.......#
...######...#
#.......## ...#
#...# #.@......#
#### #...#
#..O.....# #####
#........#
#........#
##......##
#......# #......#
########


You could see an ogre.

Vanquished Creatures
  Duvessa (D:4)
  Dowan (D:4)
  2 scorpions (D:4)
  2 hounds
  2 orc priests (D:4)
  A worker ant (D:4)
  A centaur skeleton (D:4)
  Natasha (twice) (D:4)
  A killer bee zombie (D:5)
  A worker ant zombie (D:5)
  5 gnolls
  3 adders
  An adder zombie (D:5)
  2 worms
  10 orcs
  2 ball pythons
  9 bats
  4 giant cockroaches
  5 goblins
  6 hobgoblins
  2 quokkas
  2 giant geckos (D:2)
  A giant gecko skeleton (D:4)
  3 giant newts
  7 kobolds
  A quokka skeleton (D:4)
  8 rats
85 creatures vanquished.

Notes
Turn   | Place    | Note
--------------------------------------------------------------
     0 | D:1      | septik the Mummy Fighter began the quest for the Orb.
     0 | D:1      | Reached XP level 1. HP: 18/18 MP: 1/1
   355 | D:1      | Reached XP level 2. HP: 21/24 MP: 2/2
  1100 | D:2      | Reached XP level 3. HP: 29/29 MP: 3/3
  1741 | D:3      | Reached XP level 4. HP: 21/35 MP: 4/4
  1786 | D:2      | Reached skill level 4 in Long Blades
  2162 | D:3      | Reached XP level 5. HP: 31/41 MP: 5/5
  3041 | D:4      | Reached skill level 5 in Long Blades
  3261 | D:4      | Noticed Edmund
  3751 | D:4      | Reached XP level 6. HP: 29/47 MP: 6/6
  3901 | D:4      | Noticed Duvessa
  3924 | D:4      | Noticed Dowan
  3954 | D:4      | Killed Duvessa
  3954 | D:4      | Reached skill level 6 in Long Blades
  3984 | D:4      | Killed Dowan
  4161 | D:4      | Noticed Natasha
  4172 | D:4      | Killed Natasha
  4234 | D:4      | Noticed Natasha
  4240 | D:4      | Killed Natasha
  4307 | D:4      | Reached XP level 7. HP: 52/52 MP: 7/7
  4498 | D:4      | Noticed Natasha
  4564 | D:5      | Entered Level 5 of the Dungeon
  5059 | D:5      | Mangled by an ogre

Action                   |  1- 3 |  4- 6 |  7- 9 || total
-------------------------+-------+-------+-------++-------
Melee: Long sword        |   129 |   216 |    62 ||   407
 Fire: Hunting sling     |       |     8 |       ||     8
Throw: Stone             |     8 |       |       ||     8
  Use: Scroll            |       |     3 |       ||     3
